Selects Luftwaffe Battlegroup
Selects Luftwaffe Pioneer Support
Fallschirmpioneer Squad Paradrop
Construct Infanterie Kompanie
Construct Luftwaffe Kompanie
Selects Stuka Strafing Run
Luftwaffe Officer Quarters
Fallschirmpioneer Squad Paradrop
Selects Fallschirmjäger Squad Paradrop
Construct Panzergrenadier Kompanie
Fallschirmpioneer Squad Paradrop
Nebelwerfer 42 Rocket Launcher Team
Nebelwerfer 42 Rocket Launcher Team